 Dungeon Crawl Stone Soup version 0.20-a0-1122-gb7cbeb9 (webtiles) character file.

63758 Samos the Unseen (level 14, -5/74 HPs)
             Began as a Spriggan Enchanter on May 12, 2017.
             Was the Champion of Dithmenos.
             Killed from afar by a crystal guardian (25 damage)
             ... with a crystal bolt
             ... on level 12 of the Dungeon.
             The game lasted 01:20:56 (27325 turns).

Samos the Unseen (Spriggan Enchanter)              Turns: 27325, Time: 01:20:57

Health: -5/74      AC:  9    Str:  6    XL:     14   Next: 69%
Magic:  17/31      EV: 31    Int: 22    God:    Dithmenos [******]
Gold:   1446       SH:  0    Dex: 18    Spells: 8/38 levels left

rFire    . . .     SeeInvis +   a - +3 dagger (pierce)
rCold    . . .     Gourm    .   (shield restricted)
rNeg     . . .     Faith    .   q - +2 robe {MR+}
rPois    +         Spirit   .   J - +2 hat
rElec    .         Reflect  .   G - +2 cloak
rCorr    .         Harm     .   (gloves unavailable)
MR       +++..     Clarity  +   (boots unavailable)
Stlth    ++++++++++             E - amulet of rage
Regen    0.3/turn               g - +4 ring of intelligence
MPRegen  0.3/turn               L - ring of poison resistance

@: about to teleport, wreathed by umbra, very quick
A: unfitting armour, see invisible, clarity, herbivore 3, speed 3, mutation
resistance 1, slow metabolism 2
a: Shadow Step, Shadow Form, Renounce Religion, Evoke Berserk Rage


You were on level 12 of the Dungeon.
You worshipped Dithmenos.
Dithmenos was exalted by your worship.
You were not hungry.

You visited 3 branches of the dungeon, and saw 19 of its levels.

You collected 1446 gold pieces.

Inventory:

Hand Weapons
 a - a +3 dagger of piercing (weapon)
 F - a +1 dagger of speed
 O - a +2 vampiric dagger
 R - a +2 rapier of freezing
 S - a +0 short sword of freezing
Missiles
 A - 4 throwing nets (quivered)
Armour
 q - a +2 robe of magic resistance (worn)
 G - a +2 cloak (worn)
 J - a +2 hat (worn)
Jewellery
 b - a cursed ring of loudness {unknown}
 g - a +4 ring of intelligence (left hand)
 k - an uncursed ring of protection from cold
 o - an uncursed ring of fire
 C - an uncursed ring of protection from fire
 E - an amulet of rage (around neck)
 L - a ring of poison resistance (right hand)
 M - an uncursed ring of protection from cold
 U - an uncursed ring of magical power
 W - a +3 amulet of reflection {unknown}
Wands
 c - a wand of iceblast (7/15)
 B - a wand of iceblast (7/15)
 D - a wand of digging (0/24)
 I - a wand of digging (12/24)
 K - a wand of disintegration (14/24)
 V - a wand of digging (13/24)
Scrolls
 f - 9 scrolls of remove curse
 h - 2 scrolls of fog
 i - 4 scrolls of teleportation
 p - 2 scrolls of fear
 u - 3 scrolls of magic mapping
 y - 3 scrolls of recharging
 z - 3 scrolls of amnesia
Potions
 e - 2 potions of flight
 j - 6 potions of curing
 l - 3 potions of mutation
 m - 4 potions of might
 n - 2 potions of berserk rage
 r - 9 potions of lignification
 s - 3 potions of cancellation
 v - a potion of haste
 w - 2 potions of brilliance
 H - 2 potions of agility
 N - 2 potions of resistance
Books
 x - a book of Dreams

   Spells                             Type                      Level
   a - Ensorcelled Hibernation        Hexes/Ice                    2
   b - Silence                        Hexes/Air                    5
   c - Darkness                       Hexes                        6
   d - Shadow Creatures               Summoning                    6
 Q - a book of Death

   Spells                             Type                      Level
   a - Corpse Rot                     Necromancy                   2
   b - Sublimation of Blood           Necromancy                   2
   c - Agony                          Necromancy                   5
   d - Dispel Undead                  Necromancy                   5
   e - Excruciating Wounds            Charms/Necromancy            5
   f - Bolt of Draining               Conjuration/Necromancy       5
 T - a Young Poisoner's Handbook

   Spells                             Type                      Level
   a - Sting                          Conjuration/Poison           1
   b - Poisonous Vapours              Poison/Air                   2
   c - Mephitic Cloud                 Conjuration/Poison/Air       3
   d - Olgreb's Toxic Radiance        Poison                       4
   e - Venom Bolt                     Conjuration/Poison           5
Comestibles
 d - 14 bread rations
 t - 17 royal jellies


   Skills:
 + Level 8.7 Fighting
 - Level 9.0 Short Blades
 + Level 14.3 Dodging
 + Level 19.0 Stealth
 + Level 12.6 Spellcasting
 + Level 13.1 Hexes
 + Level 4.8 Necromancy


You had 8 spell levels left.
You knew the following spells:

 Your Spells              Type           Power        Failure   Level  Hunger
a - Ensorcelled Hibernat  Hex/Ice        #####.       1%          2    None
b - Corona                Hex            ######.      1%          1    None
c - Confuse               Hex            ######..     1%          3    None
d - Tukima's Dance        Hex            ######..     1%          3    None
e - Dazzling Spray        Conj/Hex       #####.       1%          3    None
f - Passwall              Tmut/Erth      ##........   7%          2    None
g - Dispel Undead         Necr           #####...     17%         5    ####...
h - Silence               Hex/Air        #####.....   9%          5    ####...
i - Darkness              Hex            ######....   3%          6    #####..


Dungeon Overview and Level Annotations

Branches:
Dungeon (12/15)            Temple (1/1) D:6            Lair (6/6) D:11
  Swamp (0/4) Lair:2        Snake (0/4) Lair:4        Slime (0/5) Lair:6
    Orc (0/2) D:12

Altars:
Ashenzari
Cheibriados
Dithmenos
Elyvilon
Fedhas
Gozag
Hepliaklqana
Kikubaaqudgha
Makhleb
Nemelex Xobeh
Okawaru
Qazlal
Ru
Sif Muna
Trog
Uskayaw
Vehumet
Wu Jian
Xom
Yredelemnul
Zin
The Shining One

Shops:
D:4 %

Annotations:
D:12 4 runed doors


Innate Abilities, Weirdness & Mutations

You are very small and have problems with some larger weapons.
You are too small for most types of armour.
You have supernaturally acute eyesight. (SInv)
You are a herbivore.
You cover ground extremely quickly.
You need consume almost no food.
You possess an exceptional clarity of mind.
You are somewhat resistant to further mutation.


Message History

You catch the helpless centaur warrior skeleton completely off-guard!
You skewer the centaur warrior skeleton like a kebab!!!
The centaur warrior skeleton is severely damaged.
You hit the centaur warrior skeleton.
The centaur warrior skeleton is severely damaged.
Your shadow hits the centaur warrior skeleton but does no damage.
You hit the centaur warrior skeleton.
The centaur warrior skeleton is severely damaged.
Your shadow hits the centaur warrior skeleton with a dagger.
You hit the centaur warrior skeleton.
The centaur warrior skeleton is almost destroyed.
You catch the helpless centaur warrior skeleton completely off-guard!
You stick the centaur warrior skeleton like a pincushion!!!
You destroy the centaur warrior skeleton!
Dithmenos accepts your kill.
As you read the scroll of teleportation, it crumbles to dust.
You feel strangely unstable.
The crystal guardian fires a crystalline bolt at you.
The crystal bolt burns you!
You die...

............(...##..##.........##
.....................>...........
.##.........##..###............##
(##.........##.................#
.##..........[.....#...........#
.##........#.[.....#....#########
###..............................
# #.....[§§#.......#..###########
# #....(.§§#)...@..#....).#######
#####....(.#.(.....#.............
#...##.#####.......#.8...........
#.8.'..#####..8....#.............
#...#.....##.......#.............
'#.##.....##)......#.........###.
##.##.....###<######.......###..#
##.###.#### #.######.#...###..###
##.# #.# #....D.....###..###=#


You could see a crystal guardian.

Vanquished Creatures
  A sphinx (D:12)
  Gastronok (Lair:1)
  A storm dragon (D:12)
  A deep elf annihilator (D:12)
  Josephine (Lair:6)
  A yaktaur captain (D:12)
  An ice dragon (D:12)
  A fire dragon (Lair:6)
  Erica (D:11)
  4 two-headed ogres
  6 hydras
  Sonja (Lair:2)
  An unseen horror (D:12)
  The ghost of Toogi the Changer, a novice DrTm of Makhleb (D:6)
  2 lindwurms
  2 ugly things
  A cyclops (D:12)
  2 oklob plants (Lair:3)
  3 manticores
  2 wolf spiders (Lair:6)
  5 torpor snails (Lair:6)
  Maurice (D:7)
  6 black mambas
  Joseph (D:7)
  16 spiny frogs
  A guardian serpent (Lair:6)
  2 kobold demonologists (D:11)
  2 komodo dragons
  3 trolls
  A merfolk (D:11)
  A queen bee (D:11)
  4 tyrant leeches (Lair:6)
  Prince Ribbit (D:7)
  11 hornets
  Grinder (D:3)
  13 blink frogs
  7 dream sheep (Lair:5)
  5 hippogriffs
  2 redbacks (Lair:6)
  13 wyverns
  4 wraiths (Lair:6)
  Sigmund (D:4)
  Grum (D:7)
  28 yaks
  3 hungry ghosts
  A steam dragon (D:8)
  7 vampire mosquitoes
  5 basilisks
  3 nagas (Lair:4)
  A soldier ant (D:11)
  21 water moccasins
  8 porcupines
  4 ice beasts
  7 orc warriors
  3 sky beasts
  An eye of draining (D:12)
  A black bear (D:12)
  6 phantoms
  4 ogres
  2 wolves (D:8)
  6 centaurs
  15 crocodiles
  3 big kobolds
  16 bullfrogs
  A gnoll sergeant (D:8)
  A wyvern zombie (D:11)
  A wyvern skeleton (D:8)
  8 scorpions
  8 wights (D:9)
  38 killer bees (D:11)
  7 crimson imps
  A bullfrog zombie (D:9)
  2 centaur zombies
  A quasit (D:7)
  4 jellies
  6 orc priests
  Crazy Yiuf (D:7)
  7 hounds
  5 centaur skeletons
  12 orc wizards
  3 iguanas
  7 hell rats (Lair:6)
  8 worker ants
  A hound zombie (D:7)
  12 gnolls
  10 adders
  4 oozes
  3 adder skeletons
  4 worms
  A dart slug (D:2)
  13 leopard geckos
  74 orcs
  A ball python (D:4)
  8 giant cockroaches
  7 hobgoblins
  9 jackals
  7 quokkas
  A bat (D:3)
  4 frilled lizards
  10 goblins
  12 kobolds
  A leopard gecko skeleton (D:5)
  A quokka skeleton (D:6)
  5 rats
  A fungus (Lair:6)
591 creatures vanquished.

Vanquished Creatures (collateral kills)
  A gnoll sergeant (D:6)
  5 gnolls
6 creatures vanquished.

Vanquished Creatures (others)
  2 dancing weapons (D:8)
  10 fungi (Lair:6)
  29 plants (Lair:6)
41 creatures vanquished.

Grand Total: 638 creatures vanquished

Notes
Turn   | Place    | Note
-------+----------+-------------------------------------------
     0 | D:1      | Samos the Spriggan Enchanter began the quest for the Orb.
     0 | D:1      | Reached XP level 1. HP: 9/9 MP: 5/5
   502 | D:1      | Reached XP level 2. HP: 12/13 MP: 4/7
   506 | D:1      | Learned a level 2 spell: Ensorcelled Hibernation
  1623 | D:2      | Reached XP level 3. HP: 16/16 MP: 3/9
  1628 | D:2      | Learned a level 3 spell: Confuse
  1632 | D:2      | Learned a level 3 spell: Tukima's Dance
  2288 | D:2      | Reached skill level 5 in Hexes
  2479 | D:2      | Found a snail-covered altar of Cheibriados.
  2564 | D:2      | Reached XP level 4. HP: 11/21 MP: 3/11
  2989 | D:2      | Reached skill level 5 in Stealth
  3384 | D:2      | Found a hazy altar of Hepliaklqana.
  3543 | D:3      | Reached skill level 6 in Stealth
  3714 | D:3      | Noticed Grinder
  3776 | D:3      | Killed Grinder
  3776 | D:3      | Reached skill level 8 in Stealth
  3776 | D:3      | Reached XP level 5. HP: 16/24 MP: 1/12
  3776 | D:3      | Reached XP level 6. HP: 18/28 MP: 1/13
  4833 | D:4      | Reached skill level 9 in Stealth
  4894 | D:4      | Noticed Sigmund
  4903 | D:4      | Killed Sigmund
  4903 | D:4      | Reached skill level 10 in Stealth
  4908 | D:4      | Found Zivi's Food Shoppe.
  4974 | D:4      | Found a bloodstained altar of Trog.
  5015 | D:4      | Reached XP level 7. HP: 32/32 MP: 14/14
  5018 | D:4      | Found an opulent altar of Gozag.
  5155 | D:4      | Reached skill level 11 in Stealth
  5179 | D:4      | Found a shimmering altar of Xom.
  5370 | D:4      | Found a burning altar of Makhleb.
  5956 | D:5      | Entered Level 5 of the Dungeon
  5971 | D:5      | Reached skill level 12 in Stealth
  6265 | D:5      | Found an iron altar of Okawaru.
  6512 | D:5      | Learned a level 3 spell: Dazzling Spray
  6558 | D:5      | Reached skill level 1 in Fighting
  6558 | D:5      | Reached XP level 8. HP: 37/37 MP: 15/15
  7379 | D:6      | Noticed Toogi's ghost (novice DrTm)
  7397 | D:6      | Reached skill level 5 in Spellcasting
  7411 | D:6      | Killed Toogi's ghost
  7411 | D:6      | Reached skill level 5 in Dodging
  7411 | D:6      | Reached skill level 13 in Stealth
  7579 | D:6      | Gained mutation: You possess an exceptional clarity of mind. [potion of mutation]
  7579 | D:6      | Gained mutation: You are somewhat resistant to further mutation. [potion of mutation]
  8010 | D:6      | Reached XP level 9. HP: 43/43 MP: 8/18
  8319 | D:6      | Found a staircase to the Ecumenical Temple.
  8328 | Temple   | Entered the Ecumenical Temple
  8910 | D:7      | Found a runed door.
  9020 | D:7      | Noticed Crazy Yiuf
  9024 | D:7      | Killed Crazy Yiuf
  9409 | D:7      | Noticed Prince Ribbit
  9411 | D:7      | Killed Prince Ribbit
  9629 | D:7      | Noticed Joseph
  9652 | D:7      | Killed Joseph
  9908 | D:8      | Noticed Maurice
  9963 | D:8      | Noticed Grum
 10181 | D:7      | Killed Maurice
 10184 | D:7      | Killed Grum
 10184 | D:7      | Reached skill level 5 in Short Blades
 10187 | D:7      | Got a transparent hunting sling
 10456 | D:8      | Noticed a two-headed ogre
 10468 | D:8      | Killed a two-headed ogre
 10468 | D:8      | Reached skill level 14 in Stealth
 10468 | D:8      | Reached XP level 10. HP: 49/49 MP: 10/21
 10708 | D:8      | Found a sacrificial altar of Ru.
 11140 | D:8      | Identified the +9 hunting sling of Calculation {flame, +Fly rElec} (You took it off Grum on level 7 of the Dungeon)
 11707 | D:8      | Found an ornate altar of the Wu Jian Council.
 11860 | D:9      | Noticed a two-headed ogre
 12168 | D:9      | Found a shadowy altar of Dithmenos.
 12188 | D:9      | Became a worshipper of Dithmenos the Shadowed
 13018 | D:9      | Noticed a two-headed ogre
 13041 | D:9      | Killed a two-headed ogre
 13046 | D:9      | Reached * piety under Dithmenos
 13120 | D:9      | Killed a two-headed ogre
 13120 | D:9      | Reached XP level 11. HP: 54/54 MP: 19/24
 13136 | D:9      | Reached skill level 5 in Fighting
 13259 | D:9      | Learned a level 2 spell: Passwall
 13270 | D:9      | Reached skill level 15 in Stealth
 13545 | D:10     | Entered Level 10 of the Dungeon
 13699 | D:10     | Noticed a two-headed ogre
 13709 | D:10     | Killed a two-headed ogre
 13709 | D:10     | Reached ** piety under Dithmenos
 14648 | D:11     | Found a staircase to the Lair.
 14909 | D:11     | Reached skill level 10 in Hexes
 14982 | D:11     | Reached *** piety under Dithmenos
 14982 | D:11     | Reached skill level 10 in Dodging
 15690 | D:11     | Noticed a red ugly thing
 15699 | D:11     | Killed a red ugly thing
 15807 | D:11     | Found an opulent altar of Gozag.
 16051 | D:11     | Noticed Erica
 16068 | D:11     | Killed Erica
 16068 | D:11     | Reached XP level 12. HP: 26/61 MP: 12/26
 16278 | D:11     | Reached skill level 16 in Stealth
 16461 | D:12     | Reached **** piety under Dithmenos
 16701 | D:12     | Reached skill level 10 in Spellcasting
 16802 | D:12     | Found a staircase to the Orcish Mines.
 17203 | D:12     | Noticed a tengu reaver
 17203 | D:12     | Noticed a fire giant
 17203 | D:12     | Noticed a frost giant
 17724 | D:12     | Found a runed door.
 17725 | D:12     | Found a runed door.
 17725 | D:12     | Noticed a tengu reaver
 17725 | D:12     | Noticed a yaktaur captain
 17725 | D:12     | Noticed a yaktaur captain
 17725 | D:12     | Noticed a shadow dragon
 17725 | D:12     | Noticed a yaktaur captain
 17726 | D:12     | Found a runed door.
 17726 | D:12     | Noticed a yaktaur captain
 17726 | D:12     | Noticed a sphinx
 17727 | D:12     | Found a runed door.
 17727 | D:12     | Noticed a frost giant
 17727 | D:12     | Noticed a yaktaur captain
 17748 | D:12     | Noticed a crystal guardian
 17749 | D:12     | Noticed an ice dragon
 17753 | D:12     | Killed an ice dragon
 17758 | D:12     | Noticed a deep elf annihilator
 18008 | Lair:1   | Entered Level 1 of the Lair of Beasts
 18008 | Lair:1   | Noticed Gastronok
 18016 | Lair:1   | Killed Gastronok
 18378 | Lair:1   | Noticed a five-headed hydra
 18382 | Lair:1   | Killed a five-headed hydra
 18511 | Lair:1   | Noticed a seven-headed hydra
 18518 | Lair:1   | Killed a seven-headed hydra
 18551 | Lair:1   | Reached ***** piety under Dithmenos
 18594 | Lair:1   | Reached skill level 17 in Stealth
 18659 | Lair:1   | Reached XP level 13. HP: 66/67 MP: 28/28
 19155 | Lair:2   | Noticed Sonja
 19172 | Lair:2   | Killed Sonja
 19901 | Lair:2   | Found a staircase to the Swamp.
 20579 | Lair:3   | Learned a level 5 spell: Dispel Undead
 20882 | Lair:3   | Reached skill level 1 in Necromancy
 21570 | Lair:4   | Found a staircase to the Snake Pit.
 22997 | Lair:6   | Entered Level 6 of the Lair of Beasts
 23137 | Lair:6   | Noticed Josephine
 23140 | Lair:6   | Killed Josephine
 23404 | Lair:6   | Reached skill level 18 in Stealth
 23441 | Lair:6   | Reached XP level 14. HP: 44/73 MP: 2/31
 23957 | Lair:6   | Identified a scroll of acquirement
 24398 | Lair:6   | Learned a level 5 spell: Silence
 24405 | Lair:6   | Learned a level 6 spell: Darkness
 24430 | Lair:6   | Found a staircase to the Slime Pits.
 24730 | Lair:6   | Reached ****** piety under Dithmenos
 25422 | Lair:6   | Found a runed door.
 26881 | D:12     | Noticed a storm dragon
 26977 | D:12     | Killed a storm dragon
 27308 | D:12     | Killed a sphinx
 27308 | D:12     | Reached skill level 19 in Stealth
 27325 | D:12     | Killed from afar by a crystal guardian

Vault maps used:
D:1:      saegor_arrival_simple_f
D:2:      nicolae_overflow_hidden_temple, lemuel_coloured_pillars_altar,
          first_bread, minmay_misc_feat_more_columns, minmay_close_crescents
D:3:      uniq_grinder
D:4:      grunt_temple_overflow_champion_of_chaos, marbit_many_paths,
          kennysheep_mini_moat, serial_shops, shop, uniq_sigmund
D:5:      okawaru_trees_1
D:6:      lemuel_temple_firewalk_a
D:7:      uniq_joseph, uniq_crazy_yiuf_cottage, uniq_prince_ribbit1
D:8:      nicolae_ru_great_annihilating_truth, lemuel_doored_altar,
          uniq_maurice, uniq_grum
D:9:      nicolae_overflow_crystal_walls
D:11:     lair_entry_dummy, hangedman_fish_farm, grunt_gozag_breadcrumbs,
          uniq_erica
D:12:     hiddenorc2_lemuel, minmay_the_grid_triangle_9x9_rhombus_thin_mashed
Temple:   minmay_temple_bridge_abc
Lair:1:   uniq_gastronok
Lair:2:   minmay_swamp_entry_swarm, infiniplex_staircase_pool,
          grunt_megastairs_3, uniq_sonja
Lair:3:   minmay_lair_oklob_chamber, grunt_megastairs_4
Lair:4:   minmay_snake_entry_guardpost_medium, minivault_25
Lair:6:   wormcave, hangedman_lair_tendril_chambers,
          nicolae_slime_entry_slimehenge, uniq_josephine

Skill      XL: |  1  2  3  4  5  6  7  8  9 10 11 12 13 14 |
---------------+-------------------------------------------+-----
Spellcasting   | 3 4 5 7 8 9 10 12 | 12.6
Hexes          | 4 5 6 8 9 10 11 12 13 | 13.1
Stealth        | 8 10 12 13 14 15 17 18 19 | 19.0
Fighting       | 1 2 4 6 7 8 |  8.7
Dodging        | 5 7 8 10 12 13 14 | 14.3
Short Blades   | 3 5 6 7 9 |  9.0
Necromancy     | 3 4 |  4.8

Action                   |  1- 3 |  4- 6 |  7- 9 | 10-12 | 13-15 || total
-------------------------+-------+-------+-------+-------+-------++-------
Melee: Dagger            |   122 |    87 |   253 |   825 |   328 ||  1615
       Rapier            |       |       |       |       |    15 ||    15
 Cast: Corona            |    12 |       |       |       |       ||    12
       Ensorcelled Hiber |    31 |    34 |    80 |   123 |   160 ||   428
       Confuse           |       |     4 |    20 |    42 |    39 ||   105
       Tukima's Dance    |       |       |     5 |     3 |       ||     8
       Dazzling Spray    |       |       |     1 |    16 |    35 ||    52
Invok: Shadow Step       |       |       |       |       |     3 ||     3
Evoke: Wand              |       |       |       |     5 |     3 ||     8
  Use: Potion            |     1 |     1 |     2 |     8 |     5 ||    17
       Scroll            |     1 |    13 |     5 |    10 |    12 ||    41
 Stab: Sleeping          |    22 |    32 |    63 |   135 |   144 ||   396
       Confused          |       |     1 |    11 |    31 |    25 ||    68
       Distracted        |       |     1 |       |     3 |     3 ||     7
       Paralysed         |       |       |     1 |       |       ||     1
       Invisible         |       |       |     1 |     5 |     9 ||    15
  Eat: Bread ration      |       |     1 |       |     1 |       ||     2
       Fruit             |       |     1 |       |     4 |       ||     5
       Royal jelly       |       |       |     2 |       |     4 ||     6
Armor: Robe              |     9 |     4 |    11 |    19 |    16 ||    59
Dodge: Dodged            |   110 |    44 |   217 |   496 |   331 ||  1198
